[Event "*** Titled Tuesday Blitz"]
[Site "Chess.com"]
[Date "2020.12.29"]
[Round "11"]
[White "PotapovaM"]
[Black "Pedrada88"]
[Result "0-1"]
[WhiteElo "2509"]
[BlackElo "2401"]
[TimeControl "180+1"]
[EndTime "12:05:20 PST"]
[Termination "Pedrada88 won on time"]

1. e4 c5 2. Nf3 Nc6 3. d4 cxd4 4.
Nxd4 Nf6 5. Nc3 e6 6. Nxc6 bxc6 7. Bd3 d5 8. O-O Be7 9. Qe2 O-O 10. Rd1 Nd7 11.
Be3 Nc5 12. exd5 exd5 13. Bxc5 Bxc5 14. Qh5 g6 15. Qh6 Qf6 16. Rf1 Rb8 17. Rab1 Rb4 18.
g3 Bg4 19. a3 Rb7 20. h3 Bf3 21. Nd1 Re8 22. Qd2 Rbe7 23. b4 Bb6 24. Qf4 Qxf4 25.
gxf4 f5 26. c4 Bc7 27. cxd5 Bxd5 28. Ne3 Rxe3 29. fxe3 Rxe3 30. Rbd1 Rg3+ 31. Kf2 Bxf4 32. Ke2 Bh6 33. Rf2 Re3+ 34. Kf1 Rxh3 35. Ba6 Rxa3 36.
b5 Bc4+ 37. Kg1 Be3 38. Bb7 Bxb5 0-1

[Event "*** Titled Tuesday Blitz"]
[Site "Chess.com"]
[Date "2020.12.29"]
[Round "11"]
[White "NiranjanNavalgund"]
[Black "CSB7"]
[Result "0-1"]
[WhiteElo "2503"]
[BlackElo "2636"]
[TimeControl "180+1"]
[EndTime "12:05:25 PST"]
[Termination "CSB7 won by resignation"]

1. d4 Nf6 2. c4 g6 3. Nc3 d5 4.
Nf3 Bg7 5. h4 c6 6. cxd5 cxd5 7.
Bg5 Ne4 8. Rc1 Nc6 9. e3 O-O 10. Bd3 Nxc3 11. Rxc3 f6 12. Bf4 e5 13. dxe5 fxe5 14.
Bg5 Qa5 15. Nd2 e4 16. Ra3 Qc7 17. Be2 Bxb2 18. Rb3 Be5 19. h5 Be6 20. hxg6 hxg6 21. Bg4 Bf5 22. Rh6 Qg7 23. Bxf5 Rxf5 24. Qg4 Raf8 25. f4 Bf6 26. Rxb7 Qxb7 27. Rxg6+ Bg7 28. Bh6 R5f7 29. f5 Ne5 30. Qg3 Nxg6 31. Qxg6 Rf6 32. Qxg7+ Qxg7 33. Bxg7 Kxg7 34. g4 Rb6 35. Nb3 Rxb3 36.
axb3 Rb8 37. g5 Rxb3 38. f6+ Kg6 39. Kd2 Rd3+ 40. Ke2 a5 41. Kf2 a4 42. Kg3 Rxe3+ 43.
Kf4 Rf3+ 44. Ke5 Rxf6 45. gxf6 Kf7 46. Kxd5 e3 47. Kc4 e2 48. Kb4 e1=Q+ 49. Kxa4 Qb1 50. Ka5 Kxf6 51. Ka6 Ke6 52. Ka7 Kd6 53. Ka8 Kc6 0-1

[Event "*** Titled Tuesday Blitz"]
[Site "Chess.com"]
[Date "2020.12.29"]
[Round "11"]
[White "Kolle05"]
[Black "Yoda1992"]
[Result "1/2-1/2"]
[WhiteElo "2406"]
[BlackElo "2507"]
[TimeControl "180+1"]
[EndTime "12:05:26 PST"]
[Termination "Game drawn by agreement"]

1. e4 c5 2. Nf3 d6 3. Bb5+ Bd7 4. Bxd7+ Qxd7 5. c4 Nc6 6. Nc3 g6 7. d4 cxd4 8. Nxd4 Bg7 9. Be3 Nf6 10. f3 O-O 11. Rc1 Rac8 12. b3 Nxd4 13. Bxd4 b6 14. O-O Qb7 15. Qd2 Nd7 16. Rfd1 Bxd4+ 17. Qxd4 Qc6 18. f4 Qc5 19. Nd5 Qxd4+ 20. Rxd4 Rfe8 21.
Rdd1 Nc5 22. Nc3 a6 23. Kf2 b5 24. cxb5 axb5 25. b4 Ne6 26. Ke3 Rc4 27. Nd5 Ra8 28.
Rxc4 bxc4 29. Rd2 Kf8 30. g3 Ra3+ 31. Kf2 f5 32. exf5 gxf5 33. Rc2 Nd4 34. Rxc4 Rxa2+ 35. Ke3 e5 36. fxe5 dxe5 37. Rc7 Rxh2 38. Nf6 Rb2 39. Rd7 Rb3+ 40. Kd2 Rxg3 41. Nxh7+ Ke8 42. Nf6+ Kf8 43. Nh7+ Kg8 44. Nf6+ Kf8 1/2-1/2

[Event "*** Titled Tuesday Blitz"]
[Site "Chess.com"]
[Date "2020.12.29"]
[Round "11"]
[White "Slovak_fighter2000"]
[Black "andrewtnb"]
[Result "0-1"]
[WhiteElo "2474"]
[BlackElo "2399"]
[TimeControl "180+1"]
[EndTime "12:05:26 PST"]
[Termination "andrewtnb won by checkmate"]

1. e4 c6 2. Nc3 d5 3. Nf3 dxe4 4. Nxe4 Nf6 5. Ng3 g6 6. d4 Bg7 7. c3 O-O 8. Bc4 Nbd7 9. O-O b5 10. Bb3 c5 11. h3 Bb7 12. Be3 Qc7 13. Qe2 c4 14.
Bc2 Nd5 15. Ne4 Nxe3 16. Qxe3 e5 17. dxe5 Nxe5 18. Nxe5 Qxe5 19. Qc5 Qxc5 20. Nxc5 Bc6 21. Be4 Bxe4 22. Nxe4 Rfd8 23. Rfd1 b4 24. Rac1 Rxd1+ 25. Rxd1 bxc3 26. bxc3 f5 27. Ng3 Rb8 28. Rd2 Rb1+ 29. Kh2 Bxc3 30. Rc2 Bd4 31. Rxc4 Bxf2 32. Rc2 Bg1+ 33.
Kh1 Bd4+ 34. Kh2 Be5 35. Re2 Bf4 36. h4 Rd1 37. Kh3 Rd3 38. h5 Rxg3+ 39. Kh4 g5# 0-1

[Event "*** Titled Tuesday Blitz"]
[Site "Chess.com"]
[Date "2020.12.29"]
[Round "11"]
[White "JonahWillow"]
[Black "wonderfultime"]
[Result "1-0"]
[WhiteElo "2735"]
[BlackElo "2986"]
[TimeControl "180+1"]
[EndTime "12:05:27 PST"]
[Termination "JonahWillow won by resignation"]

1. e4 c5 2. Nf3 Nf6 3. Nc3 d5 4. exd5 Nxd5 5. Bb5+ Bd7 6. Bxd7+ Qxd7 7. O-O Nc6 8. d3 e6 9. Re1 Be7 10. Ne4 O-O 11.
Bg5 Rfd8 12. Bxe7 Qxe7 13. Qd2 h6 14. a3 b6 15. Nc3 Qf6 16. Nxd5 Rxd5 17. Rab1 c4 18. Re3 Rad8 19. Ne1 Ne5 20. Qe2 cxd3 21. Nxd3 Nxd3 22. Rxd3 Rxd3 23. cxd3 Qd4 24. Rd1 e5 25. Rc1 Rd7 26. Rc3 e4 27. dxe4 Qd1+ 28. Qf1 Qd2 29. Rc8+ Kh7 30. b4 Rd3 31. Rc7 Rxa3 32.
g3 Qd4 33. Qe2 Rb3 34. Rxf7 Rxb4 35. Qg4 a5 36. Qf5+ 1-0

[Event "*** Titled Tuesday Blitz"]
[Site "Chess.com"]
[Date "2020.12.29"]
[Round "11"]
[White "Bodnar_Mykola"]
[Black "Vaathi_Coming"]
[Result "1-0"]
[WhiteElo "2571"]
[BlackElo "2785"]
[TimeControl "180+1"]
[EndTime "12:05:27 PST"]
[Termination "Bodnar_Mykola won on time"]

1. e4 c5 2. Nf3 d6 3. d4 cxd4 4. Nxd4 e5 5. Nf5 Nf6 6. Bb5+ Nc6 7. Qf3 g6 8. Ne3 a6 9. Bxc6+ bxc6 10. Nc3 h5 11. O-O Bg4 12. Nxg4 hxg4 13. Qd3 Nd7 14. Qg3 f5 15. f4 Qf6 16. Be3 Be7 17. Rae1 Qf7 18.
Qf2 g5 19. fxe5 f4 20. exd6 Bxd6 21. e5 g3 22. Qf3 Be7 23. e6 Qxe6 24. Bxf4 Ne5 25.
Rxe5 Qxe5 26. Bxe5 Bc5+ 27. Rf2 gxf2+ 28. Kf1 1-0

[Event "*** Titled Tuesday Blitz"]
[Site "Chess.com"]
[Date "2020.12.29"]
[Round "11"]
[White "maximnovik"]
[Black "Kislov_Oleg"]
[Result "0-1"]
[WhiteElo "2592"]
[BlackElo "2481"]
[TimeControl "180+1"]
[EndTime "12:05:28 PST"]
[Termination "Kislov_Oleg won on time"]

1. d4 Nf6 2. Bg5 Ne4 3. Bh4 d5 4. f3 Nf6 5. Nc3 c5 6. e4 cxd4 7. Qxd4 Nc6 8. Bb5 Bd7 9. Bxc6 bxc6 10. exd5 cxd5 11. Nxd5 Qa5+ 12. Nc3 e5 13. Qd2 Bb4 14. Nge2 Rd8 15. Bxf6 gxf6 16. O-O Bb5 17. Qh6 Bxc3 18. Nxc3 Bxf1 19. Rxf1 Qb6+ 20. Kh1 Rg8 21. Qxh7 Rg6 22. Qh4 Rd2 23. Ne4 Rxc2 24. Rd1 Qd4 25. Rg1 Rcxg2 26.
Qh8+ Ke7 0-1

[Event "*** Titled Tuesday Blitz"]
[Site "Chess.com"]
[Date "2020.12.29"]
[Round "11"]
[White "Homino"]
[Black "comsac"]
[Result "0-1"]
[WhiteElo "2292"]
[BlackElo "2403"]
[TimeControl "180+1"]
[EndTime "12:05:29 PST"]
[Termination "comsac won on time"]

1. e4 e5 2. Nf3 Nc6 3. Bb5 Nf6 4. O-O Nxe4 5. d4 Nd6 6. Bxc6 dxc6 7. dxe5 Nf5 8. Qxd8+ Kxd8 9. b3 h6 10. Bb2 Be6 11.
Nc3 b6 12. a4 a5 13. Rad1+ Kc8 14. Ne2 c5 15. c4 g5 16. Nd2 Kb7 17. Ne4 Kc6 18. Rd3 Bg7 19. Rfd1 Ne7 20. Nf6 Bxf6 21. exf6 Ng6 22. f4 Bf5 23. R3d2 gxf4 24. Rf1 Rad8 25.
Rxd8 Rxd8 26. Nxf4 Nxf4 27. Rxf4 Bc2 28. Rf3 Rd1+ 29.
Kf2 Rb1 30. Be5 Rxb3 31. Bf4 Rxf3+ 32. Kxf3 h5 33. g4 hxg4+ 34. Kxg4 Bxa4 35. h4 Bc2 36. Bc1 Kd6 37. Kg5 Ke6 38. Bb2 c6 39. Bc3 a4 40. Bb2 b5 41. Ba3 b4 42. Bb2 a3 43.
Bc1 b3 44. Bxa3 Ke5 45. Bb2+ Ke6 0-1

[Event "*** Titled Tuesday Blitz"]
[Site "Chess.com"]
[Date "2020.12.29"]
[Round "11"]
[White "vova-79"]
[Black "catzapto"]
[Result "0-1"]
[WhiteElo "2504"]
[BlackElo "2145"]
[TimeControl "180+1"]
[EndTime "12:05:29 PST"]
[Termination "catzapto won on time"]

1. d4 Nf6 2. c4 e6 3. Nc3 c6 4. e4 Bb4 5. e5 Ne4 6. Qc2 d5 7. Bd3 f5 8. exf6 Nxf6 9. Nf3 O-O 10. O-O a6 11. Bg5 h6 12. Bh4 Bd6 13. Rfe1 b5 14.
c5 Bc7 15. Re2 g5 16. Bg3 Nh5 17. Rae1 Nxg3 18. hxg3 Qf6 19. Ne5 Bxe5 20. Rxe5 Kh8 21. Qe2 Ra7 22. Nd1 Re7 23. Ne3 Nd7 24. Ng4 Qg7 25.
Rxe6 Rxe6 26. Qxe6 Nxc5 27. Qxh6+ Qxh6 28. Nxh6 Nxd3 29. Re7 Nxf2 30. Nf7+ Kg8 31. Nh6+ Kh8 32. Nf7+ Kg7 33.
Ne5+ Kf6 34. Rc7 Ne4 35. Rxc6+ Ke7 36. g4 Nf6 37. Ng6+ Kd7 38. Rb6 Kc7 0-1

[Event "*** Titled Tuesday Blitz"]
[Site "Chess.com"]
[Date "2020.12.29"]
[Round "11"]
[White "FGHSMN"]
[Black "penguingm1"]
[Result "0-1"]
[WhiteElo "2655"]
[BlackElo "2919"]
[TimeControl "180+1"]
[EndTime "12:05:32 PST"]
[Termination "penguingm1 won by checkmate"]

1. e4 b5 2. Bxb5 f5 3. exf5 c6 4. Qh5+ g6 5. fxg6 Bg7 6. gxh7+ Kf8 7. hxg8=Q+ Kxg8 8. Bc4+ d5 9. Bxd5+ cxd5 10. Qe2 Nc6 11. c3 e5 12. d3 Ba6 13. Nd2 e4 14. c4 Nd4 15. Qd1 exd3 16. Ngf3 Nc2+ 17. Kf1 Qe7 18.
Rb1 dxc4 19. g3 Rf8 20. Kg2 Bb7 21. Rf1 Qe6 22. h4 Rxh4 23. gxh4 Qg4+ 24. Kh2 Be5+ 25.
Kh1 Qh3+ 26. Kg1 Kh8 27. Ne4 Bxe4 28. Bg5 Rxf3 29. Re1 Qh1+ 30. Kxh1 Rh3+ 31. Kg1 Rh1# 0-1

[Event "*** Titled Tuesday Blitz"]
[Site "Chess.com"]
[Date "2020.12.29"]
[Round "11"]
[White "ambaixador"]
[Black "davidkalashian"]
[Result "0-1"]
[WhiteElo "2432"]
[BlackElo "2574"]
[TimeControl "180+1"]
[EndTime "12:05:32 PST"]
[Termination "davidkalashian won by resignation"]

1. e4 c6 2. Nc3 g6 3. Nf3 Bg7 4.
d4 d6 5. Be2 Nf6 6. O-O O-O 7.
Re1 Nbd7 8. h3 e5 9. Bf1 Re8 10. a4 Qe7 11. a5 Nf8 12. dxe5 dxe5 13. b3 Rd8 14. Qe2 Ne6 15. Na4 Nh5 16. g3 Qc7 17.
Bg5 Re8 18. Be3 Nd4 19. Bxd4 exd4 20. Qd3 Qxa5 21. Nxd4 Qc7 22. Rad1 b6 23. Bg2 Bb7 24. c3 Rad8 25. Qc2 a6 26. Nb2 c5 27. Ne2 Nf6 28.
Rxd8 Rxd8 29. Nf4 b5 30. c4 b4 31. Nd5 Nxd5 32. cxd5 Bd4 33. Nc4 Qxg3 34. Rf1 Bc8 35. Qd2 Bxh3 36. Ne3 Bxe3 37. fxe3 Bxg2 38. Qxg2 Qxe3+ 39. Kh1 Re8 40. Rd1 Qxe4 41. Qxe4 Rxe4 42. d6 Re8 43. d7 Rd8 44. Rd6 Kf8 45. Rxa6 Rxd7 46. Rc6 Rd3 47. Rxc5 Rxb3 48. Rb5 Kg7 0-1

[Event "*** Titled Tuesday Blitz"]
[Site "Chess.com"]
[Date "2020.12.29"]
[Round "11"]
[White "rubhani"]
[Black "arctic_t00"]
[Result "1-0"]
[WhiteElo "2515"]
[BlackElo "2614"]
[TimeControl "180+1"]
[EndTime "12:05:33 PST"]
[Termination "rubhani won by resignation"]

1. e3 Nf6 2. a3 g6 3. b4 Bg7 4. Bb2 O-O 5. Nf3 d6 6. Be2 e5 7. O-O b6 8. d3 Bb7 9. Nbd2 Nbd7 10. e4 Nh5 11. Re1 Nf4 12. Bf1 Qe7 13. d4 c5 14.
dxe5 dxe5 15. Nc4 Rad8 16. Qd6 Qxd6 17. Nxd6 Ba8 18. Rad1 Ne6 19. Bc4 Nd4 20. Ng5 b5 21. Bxf7+ Kh8 22. Bxd4 exd4 23. Ne6 Ne5 24. Nxd8 Rxd8 25.
bxc5 Rxd6 26. cxd6 Nxf7 27. e5 Bxe5 28. Rxe5 Nxe5 29.
Re1 Nc6 30. Re8+ Kg7 31. Rxa8 Kf6 32. Rc8 Ne5 33. Rc5 a6 34. Rxe5 1-0

[Event "*** Titled Tuesday Blitz"]
[Site "Chess.com"]
[Date "2020.12.29"]
[Round "11"]
[White "Savva09022009"]
[Black "szachuspl"]
[Result "0-1"]
[WhiteElo "2608"]
[BlackElo "2515"]
[TimeControl "180+1"]
[EndTime "12:05:33 PST"]
[Termination "szachuspl won by checkmate"]

1. d4 Nf6 2. Nc3 d5 3. Bf4 c5 4. e3 a6 5. Nf3 Nc6 6. Bd3 Bg4 7. Be2 Bxf3 8. Bxf3 e6 9. O-O cxd4 10. exd4 Bd6 11.
Ne2 O-O 12. c3 b5 13. Qd2 Na5 14. Bxd6 Qxd6 15. b3 Rfc8 16. Rac1 Qb6 17. Nf4 Ra7 18. Nd3 Rac7 19. Rc2 Nd7 20. Rfc1 Nc6 21. h4 h6 22. g3 Ne7 23. Bg2 Nf5 24. Kh2 a5 25. Bh3 Nd6 26. Bg2 Ne4 27. Bxe4 dxe4 28. Nf4 Qd6 29. c4 bxc4 30.
bxc4 a4 31. Qe3 Nf6 32. Kg1 e5 33. dxe5 Qxe5 34. c5 g5 35. hxg5 hxg5 36. Nd3 Qf5 37. Nb4 Ng4 38. Qd4 Rd7 39. Qc4 Ne5 40. Qe2 Nf3+ 41.
Kg2 Nd4 42. Qc4 Qf3+ 43. Kg1 e3 44. c6 Rd6 45. c7 Rh6 46. Qxf7+ Kxf7 47. Nd3 Rh1# 0-1

[Event "*** Titled Tuesday Blitz"]
[Site "Chess.com"]
[Date "2020.12.29"]
[Round "11"]
[White "IMVoja"]
[Black "chessdjw"]
[Result "0-1"]
[WhiteElo "2411"]
[BlackElo "2600"]
[TimeControl "180+1"]
[EndTime "12:05:34 PST"]
[Termination "chessdjw won on time"]

1. d4 Nf6 2. Nf3 g6 3. Bg5 Bg7 4. Nbd2 O-O 5. e4 d5 6. Bxf6 exf6 7. Be2 dxe4 8. Nxe4 Re8 9. Nc3 f5 10. O-O Nc6 11.
d5 Nb4 12. Bc4 Bd7 13. a3 Na6 14. Bxa6 bxa6 15. Nd4 Rb8 16. Rb1 Qf6 17. Nb3 Qb6 18. Qf3 a5 19. a4 h5 20. Rfe1 Qb4 21. h3 Bxa4 22. Rxe8+ Bxe8 23. Na2 Qb6 24. Nac1 a4 25. Nd2 Bxb2 26. Nc4 Qd4 27. Qd3 Qe5 28. Ne2 Rb6 0-1

[Event "*** Titled Tuesday Blitz"]
[Site "Chess.com"]
[Date "2020.12.29"]
[Round "11"]
[White "MuhittinBuker"]
[Black "Piacramling"]
[Result "0-1"]
[WhiteElo "2119"]
[BlackElo "2262"]
[TimeControl "180+1"]
[EndTime "12:05:35 PST"]
[Termination "Piacramling won on time"]

1. d4 Nf6 2. c4 c5 3. d5 b5 4.
cxb5 a6 5. bxa6 g6 6. Nc3 Bg7 7. d6 O-O 8. Nf3 Nxa6 9. g3 Bb7 10. Bg2 exd6 11. O-O d5 12. Ng5 Nc7 13. Bf4 d6 14.
Qb3 Rb8 15. Rfd1 Ba8 16. Qa4 d4 17. Nce4 Nxe4 18. Nxe4 Bxe4 19. Bxe4 Ne6 20. Bc1 d5 21. Bg2 c4 22. Qc6 d3 23. exd3 Nd4 24.
Qxd5 c3 25. bxc3 Qxd5 26. Bxd5 Ne2+ 27. Kf1 Nxc3 28. Bf4 Nxd5 29. Bxb8 Bxa1 30. Bd6 Rd8 31. Bc5 Bf6 32. d4 Nc3 33. Rd2 Ne4 0-1

[Event "*** Titled Tuesday Blitz"]
[Site "Chess.com"]
[Date "2020.12.29"]
[Round "11"]
[White "Spriteball"]
[Black "MasterKroket"]
[Result "0-1"]
[WhiteElo "2328"]
[BlackElo "2463"]
[TimeControl "180+1"]
[EndTime "12:05:36 PST"]
[Termination "MasterKroket won on time"]

1. c4 e6 2. g3 Nf6 3. Bg2 d5 4. Nf3 Be7 5. O-O O-O 6. d4 dxc4 7.
Na3 c5 8. dxc5 Bxc5 9. Nxc4 Nc6 10.
Bf4 Nd5 11. Bg5 f6 12. Bd2 Qe7 13. e4 Nb6 14. Nxb6 axb6 15. Qe2 e5 16. Rfd1 Be6 17. a3 Ra4 18. Bc3 Bb3 19. Re1 Rd8 20. Qb5 Qe6 21. Nd2 Rxd2 22. Bxd2 Nd4 23. Qd3 Bc2 24. Qc3 Rc4 25.
Qe3 Nb3 26. Qe2 Nd4 27. Qe3 Nb3 28. Qe2 Nxa1 29. Rxa1 Bb3 30. Bc3 Bd4 31. Bxd4 exd4 32. Qd2 Bc2 33. Qf4 Qe5 34. Rc1 Qxf4 35. gxf4 d3 36.
Rf1 d2 37. Bf3 Bxe4 38. Bxe4 Rxe4 39. Rd1 Re1+ 0-1

[Event "*** Titled Tuesday Blitz"]
[Site "Chess.com"]
[Date "2020.12.29"]
[Round "11"]
[White "area_5"]
[Black "mbachez"]
[Result "1-0"]
[WhiteElo "2780"]
[BlackElo "2572"]
[TimeControl "180+1"]
[EndTime "12:05:38 PST"]
[Termination "area_5 won by resignation"]

1. c4 e5 2. Nc3 Nf6 3. g3 Bc5 4. Bg2 O-O 5. Nf3 Re8 6. O-O c6 7. Nxe5 Rxe5 8. d4 Bxd4 9. Qxd4 d6 10. Bf4 Re6 11. Rad1 c5 12. Qxc5 Nc6 13. Rxd6 Qf8 14.
Rfd1 Ne8 15. Rxe6 Bxe6 16. Qxf8+ Kxf8 17. b3 Rc8 18. Nb5 a6 19. Nd6 Nxd6 20. Bxd6+ Ke8 21.
Ba3 b5 22. cxb5 axb5 23. Bb2 Nb4 24. Bxg7 Nxa2 25. Bf6 Bxb3 26. Bc6+ Kf8 27. Rb1 Rxc6 28. Rxb3 Rxf6 29. Rxb5 Nc3 30. Rb2 Re6 31. Kf1 Kg7 32. Rc2 Ne4 33. f3 Nf6 34. e4 Ra6 35. Kg2 Ra3 36.
Rf2 Nd7 37. Kh3 Ne5 38. f4 Nd3 39. Rd2 Nxf4+ 40. Kg4 Ng6 41. Re2 Kf6 42. Kh5 Ra5+ 43. Kh6 Re5 44. Rf2+ Ke7 45. Kg7 Rh5 46. Rxf7+ Ke6 47.
Rf2 Ne5 48. h4 Ng4 49. Rf4 Ne5 50. Rf6+ Ke7 51. Rh6 Rxh6 52. Kxh6 Kf6 53. Kxh7 Kf7 54.
Kh6 Kf6 55. Kh5 Nd3 56. g4 Nf4+ 57. Kh6 Ke5 58. Kg7 Kxe4 59. h5 Ne6+ 60. Kf6 Nf8 61. g5 Kf4 62. g6 Nd7+ 63. Ke7 Ne5 64. g7 Nc6+ 65. Kf8 1-0

[Event "*** Titled Tuesday Blitz"]
[Site "Chess.com"]
[Date "2020.12.29"]
[Round "11"]
[White "kinga2008"]
[Black "FMalexhdez"]
[Result "0-1"]
[WhiteElo "2162"]
[BlackElo "2270"]
[TimeControl "180+1"]
[EndTime "12:05:38 PST"]
[Termination "FMalexhdez won on time"]

1. e4 c5 2. Nf3 d6 3. c3 Nc6 4.
d4 cxd4 5. cxd4 Nf6 6. Nc3 d5 7.
e5 Ne4 8. Bd3 Nxc3 9. bxc3 Bg4 10.
O-O g6 11. h3 Bxf3 12. Qxf3 Bg7 13. e6 O-O 14. exf7+ Rxf7 15. Qg4 Qc8 16. Qg5 Qd7 17. f4 Raf8 18. Bd2 e6 19. Rae1 Ne7 20. Qg4 Nf5 21. Bxf5 exf5 22. Qe2 Bf6 23. Qe6 Kg7 24. Qxd7 Rxd7 25.
Re6 Rff7 26. Rfe1 Rfe7 27. Rxe7+ Rxe7 28. Rxe7+ Bxe7 29. Kf2 Kf6 30. h4 Ke6 31. g3 Kd6 32. Ke2 Kc6 33. Kd3 Kb5 34. Kc2 Kc4 35. Be1 b5 36.
Bd2 a5 37. Be1 b4 38. cxb4 axb4 39. Bf2 Bf6 0-1

[Event "*** Titled Tuesday Blitz"]
[Site "Chess.com"]
[Date "2020.12.29"]
[Round "11"]
[White "Efremov_Vlad"]
[Black "ErikRonka"]
[Result "1-0"]
[WhiteElo "2295"]
[BlackElo "2367"]
[TimeControl "180+1"]
[EndTime "12:05:39 PST"]
[Termination "Efremov_Vlad won by resignation"]

1. d4 Nf6 2. c4 g6 3. Nf3 Bg7 4. g3 O-O 5. Bg2 d6 6. O-O c6 7. Nc3 Qa5 8. e4 e5 9. Rb1 Nbd7 10. Re1 exd4 11. Nxd4 Ne5 12. b4 Qc7 13. Qe2 a6 14. f4 Neg4 15. Rd1 c5 16. bxc5 dxc5 17. Nb3 Nh6 18. Nd5 Nxd5 19. cxd5 Bg4 20. Bf3 Bxf3 21. Qxf3 c4 22. Nd4 Rfe8 23. Be3 f5 24. e5 Ng4 25.
Ne6 Qa5 26. Nxg7 Kxg7 27. Rxb7+ Kg8 28. h3 Nxe3 29. Qxe3 Qxa2 30. d6 c3 31. Qxc3 Qe2 32. Qd3 Qh5 33. d7 Red8 34. e6 Qh6 35. e7 1-0

[Event "*** Titled Tuesday Blitz"]
[Site "Chess.com"]
[Date "2020.12.29"]
[Round "11"]
[White "Iskusnyh"]
[Black "Oleksandr_Bortnyk"]
[Result "1-0"]
[WhiteElo "2580"]
[BlackElo "2878"]
[TimeControl "180+1"]
[EndTime "12:05:40 PST"]
[Termination "Iskusnyh won by checkmate"]

1. d4 Nf6 2. c4 b5 3. cxb5 a6 4. bxa6 Bxa6 5. Nc3 d5 6. Bg5 e6 7. Nf3 h6 8. Bxf6 Qxf6 9. Qa4+ c6 10. e3 Bd6 11. Bxa6 Rxa6 12. Qc2 g5 13. a3 g4 14. Nd2 h5 15. h3 g3 16. f4 Nd7 17. O-O c5 18. Nb5 Qe7 19. dxc5 Nxc5 20. b4 O-O 21. Nxd6 Rxd6 22. Qxc5 Rfd8 23. Nf3 Qb7 24. Rac1 Qa6 25. Qc3 Qe2 26. Qe1 Qxe1 27. Rfxe1 Ra8 28. Rc3 Rb6 29. Rec1 Kg7 30. Kf1 Kf6 31. Ne5 Rbb8 32. Nd7+ Kf5 33. Nxb8 Rxb8 34. Ke2 f6 35. Kf3 h4 36. Rc5 Ra8 37.
Ra5 Rb8 38. e4+ Kg6 39. exd5 e5 40. fxe5 fxe5 41. Kg4 Rf8 42. Rc6+ Kg7 43. Ra7+ Kh8 44. Rh6+ Kg8 45. Rxh4 e4 46. Kxg3 e3 47. Rg4+ Kh8 48. Re4 Rg8+ 49. Kh2 Rd8 50. Rxe3 Rg8 51. Re4 Rd8 52.
d6 Kg8 53. Rae7 Rxd6 54. Re8+ Kf7 55. R4e7+ Kf6 56. Re6+ Rxe6 57. Rxe6+ Kxe6 58. h4 Kd5 59. h5 Ke5 60. h6 Kf6 61. g4 Kg6 62. g5 Kh7 63. a4 Kg6 64. a5 Kh7 65. a6 Kg6 66. a7 Kh7 67. a8=Q Kg6 68. Qd5 Kh5 69. h7 Kg6 70. Qe6+ Kxg5 71. h8=Q Kf4 72. Qf8+ Kg5 73. Qff6+ Kh5 74. Qef5# 1-0

[Event "*** Titled Tuesday Blitz"]
[Site "Chess.com"]
[Date "2020.12.29"]
[Round "11"]
[White "nubair1198"]
[Black "paulrusan"]
[Result "1-0"]
[WhiteElo "2715"]
[BlackElo "2289"]
[TimeControl "180+1"]
[EndTime "12:05:41 PST"]
[Termination "nubair1198 won on time"]

1. c4 Nf6 2. Nc3 g6 3. d4 Bg7 4.
e4 d6 5. Nf3 O-O 6. Be2 Bg4 7.
O-O Nfd7 8. Be3 Nc6 9. d5 Bxf3 10. Bxf3 Na5 11. Be2 Bxc3 12. bxc3 e6 13. f4 Qe7 14. Qc2 exd5 15. cxd5 f5 16. Rae1 fxe4 17. Bg4 Nc5 18. Be6+ Nxe6 19. Qxe4 Rae8 20. Bc1 b5 21. dxe6 Nc4 22. a4 a6 23. axb5 axb5 24. g4 Qh4 25. Qg2 h5 26. h3 hxg4 27. hxg4 Rf6 28. f5 gxf5 29. gxf5+ Kh7 30. Bg5 Rg8 31. Bxh4 Rxg2+ 32. Kxg2 Rf8 33. e7 Re8 34. f6 Ne5 35. Rxe5 dxe5 36. f7 1-0

[Event "*** Titled Tuesday Blitz"]
[Site "Chess.com"]
[Date "2020.12.29"]
[Round "11"]
[White "davigator"]
[Black "PlotnikovPavel"]
[Result "0-1"]
[WhiteElo "2298"]
[BlackElo "2456"]
[TimeControl "180+1"]
[EndTime "12:05:43 PST"]
[Termination "PlotnikovPavel won on time"]

1. e4 d6 2. d4 Nf6 3. Nc3 g6 4. Bg5 Bg7 5. f3 h6 6. Be3 O-O 7. Qd2 e5 8. dxe5 dxe5 9. Bxh6 Bxh6 10. Qxh6 Nh5 11. g3 Nc6 12. Bc4 Qd6 13. Nge2 Nd4 14. O-O-O c5 15. Nb5 Qa6 16. Nexd4 cxd4 17. Kb1 Ng7 18.
f4 Bd7 19. Na3 b5 20. Bb3 Rac8 21. fxe5 b4 22. Rxd4 bxa3 23. Rxd7 Qc6 24. Rd6 Qxe4 25. Rc1 Qxe5 26. c3 Qxd6 27. bxa3 Qd3+ 28. Kb2 Rfe8 29.
Rc2 Re2 30. Rxe2 Qxe2+ 31. Bc2 Qe5 0-1

[Event "*** Titled Tuesday Blitz"]
[Site "Chess.com"]
[Date "2020.12.29"]
[Round "11"]
[White "dosto07"]
[Black "MarcLonoff"]
[Result "1-0"]
[WhiteElo "2280"]
[BlackElo "2169"]
[TimeControl "180+1"]
[EndTime "12:05:43 PST"]
[Termination "dosto07 won on time"]

1. d4 e6 2. Nf3 f5 3. g3 Nf6 4.
Bg2 d5 5. O-O Bd6 6. c4 c6 7. b3 Qe7 8. Bf4 Bxf4 9. gxf4 O-O 10.
Ne5 Bd7 11. Nc3 Be8 12. Qd3 Bh5 13. cxd5 cxd5 14. Rac1 Ne4 15. Nb5 Na6 16. a3 Kh8 17. Rc2 g5 18. fxg5 Qxg5 19. e3 Rg8 20. f3 Nf6 21.
Nd6 Qg7 22. Kh1 Rad8 23. Nb5 Rc8 24. Qe2 Ne4 25. Rxc8 Rxc8 26. Qb2 Nf6 27. Nd6 Rd8 28. Nb5 Be8 29. Nc3 Bc6 30. Qf2 f4 31. Ne2 fxe3 32.
Qxe3 Nc7 33. Nf4 Rf8 34. Bh3 1-0

[Event "*** Titled Tuesday Blitz"]
[Site "Chess.com"]
[Date "2020.12.29"]
[Round "11"]
[White "zurzan"]
[Black "Alexandercs432"]
[Result "0-1"]
[WhiteElo "2053"]
[BlackElo "2188"]
[TimeControl "180+1"]
[EndTime "12:05:43 PST"]
[Termination "Alexandercs432 won by resignation"]

1. f4 d5 2. Nf3 Nf6 3. g3 g6 4. Bg2 Bg7 5. O-O O-O 6. d3 b6 7.
c3 Bb7 8. a4 c5 9. Na3 Nc6 10.
Qc2 Qc7 11. h3 a6 12. e4 dxe4 13. dxe4 e5 14. Nxe5 Nxe5 15. fxe5 Qxe5 16. Bf4 Qe7 17. e5 Nh5 18. Bxb7 Qxb7 19. Nc4 Nxf4 20. gxf4 Rad8 21.
Nd6 Qd7 22. Qg2 Kh8 23. Rad1 b5 24.
axb5 axb5 25. b3 f6 26. exf6 Bxf6 27. Ne4 Qe7 28. Nxf6 Qxf6 29. c4 bxc4 30. bxc4 Rd4 31. Rxd4 Qxd4+ 32. Qf2 Qxc4 33. Qb2+ Qd4+ 34. Qxd4+ cxd4 35.
Rf3 Kg7 36. h4 Kf6 37. Kf2 Kf5 38. Ke2 Re8+ 39. Kd3 Re3+ 40. Rxe3 dxe3 41. Kxe3 Kg4 42. h5 Kxh5 43. Ke4 Kh4 44. Ke5 Kg4 45. Ke4 h5 46.
Ke3 Kg3 47. Ke4 h4 48. f5 gxf5+ 49. Kxf5 h3 0-1

[Event "*** Titled Tuesday Blitz"]
[Site "Chess.com"]
[Date "2020.12.29"]
[Round "11"]
[White "Nara_Kh"]
[Black "Nadtkins"]
[Result "0-1"]
[WhiteElo "2357"]
[BlackElo "2517"]
[TimeControl "180+1"]
[EndTime "12:05:44 PST"]
[Termination "Nadtkins won by resignation"]

1. e4 d5 2. exd5 Qxd5 3. Nc3 Qa5 4. g3 Nf6 5. Bg2 c6 6. Nge2 h5 7. h3 Bf5 8. b4 Qc7 9. b5 a6 10. bxa6 Nxa6 11. O-O e6 12. Re1 Nb4 13. Nd4 Bg6 14.
d3 Bd6 15. Bg5 Be5 16. Nce2 c5 17. Rb1 O-O 18. Nf3 Rxa2 19. Nxe5 Qxe5 20. Bf4 Qf5 21.
Nc3 Rxc2 22. Rxb4 cxb4 23. Qxc2 bxc3 24. Qxc3 Nd5 25. Bxd5 Qxd5 26. Re3 Rd8 27. Be5 f6 28. Bxf6 gxf6 29. Qxf6 Bf7 30. Re5 Qxd3 31. Rg5+ Kf8 32. Rg7 Rd7 33. Qh6 Ke7 34. Qxh5 Qd1+ 35. Qxd1 Rxd1+ 36. Kh2 Kf6 37. Rg4 b5 38. Rf4+ Ke7 39. h4 e5 40. Rf3 Bd5 0-1

[Event "*** Titled Tuesday Blitz"]
[Site "Chess.com"]
[Date "2020.12.29"]
[Round "11"]
[White "profofchess"]
[Black "annamaja"]
[Result "1-0"]
[WhiteElo "2398"]
[BlackElo "2291"]
[TimeControl "180+1"]
[EndTime "12:05:44 PST"]
[Termination "profofchess won by resignation"]

1. e4 e6 2. d4 d5 3. Nc3 Nf6 4. Bg5 dxe4 5. Nxe4 Nbd7 6. Nf3 Be7 7.
Nxf6+ Bxf6 8. h4 h6 9. Be3 c5 10. Qd2 cxd4 11. Bxd4 O-O 12. O-O-O Bxd4 13. Nxd4 Qf6 14.
Rh3 Ne5 15. f4 Ng6 16. Rf3 Nxh4 17. Rf2 Nf5 18. Nf3 Ne7 19. Ne5 Ng6 20. Qe1 Nxe5 21. fxe5 Qg5+ 22. Kb1 Rd8 23. Bd3 Rd7 24. Qe4 g6 25.
Rdf1 Re7 26. Rf6 Rb8 27. Qb4 Re8 28. Bxg6 Bd7 29. Bxf7+ Kh8 30. Bxe8 Rxe8 31. Rf8+ Kg7 32. R8f7+ Kg6 33. Qe4+ Kh5 34. Rh1+ 1-0